 Dungeon Crawl Stone Soup version 0.30-a0-313-gae38170b09 (webtiles) character file.

Game seed: 13522529783487418161

2746 Bnni the Slicer (level 9, -2/49 HPs)
             Began as a Vine Stalker Fighter on Oct 26, 2022.
             Was an Elder of Uskayaw.
             Slain by Joseph
             ... wielding a +0 quarterstaff
              (17 damage)
             ... on level 7 of the Dungeon.
             The game lasted 00:09:44 (5081 turns).

Bnni the Slicer (Vine Stalker Fighter)              Turns: 5081, Time: 00:09:45

Health: -2/49      AC:  9    Str: 19    XL:     9   Next: 68%
Magic:  0/11       EV:  7    Int: 12    God:    Uskayaw [****..]
Gold:   353        SH:  6    Dex: 21    Spells: 8/8 levels left

rFire   . . .      SeeInvis .    g - +2 short sword (venom)
rCold   . . .      Faith    .    c - +0 buckler
rNeg    . . .      Spirit   +    J - +0 chain mail
rPois   .          Reflect  .    (no helmet)
rElec   .          Harm     .    L - scarf {repulsion}
rCorr   +          Rampage  .    (no gloves)
Will    ++...                    b - +0 pair of boots
Stlth   ..........               z - amulet of magic regeneration
HPRegen 1.08/turn                q - ring "Esipugan" {rCorr Int+4 Dex+3}
MPRegen 0.52/turn                P - ring of willpower

@: repel missiles
A: fangs 3, regeneration 1, magic shield, antimagic bite, no potion heal 2
a: Renounce Religion, Stomp, Line Pass


You were on level 7 of the Dungeon.
You worshipped Uskayaw.
Uskayaw was noncommittal.
You visited 2 branches of the dungeon, and saw 8 of its levels.

You collected 353 gold pieces.

Inventory:

Hand Weapons
 a - a +0 rapier
 g - a +2 short sword of venom (weapon)
 I - a +1 dagger of venom
Missiles
 B - 9 poisoned darts (quivered)
 D - a throwing net
Armour
 b - a +0 pair of boots (worn)
 c - a +0 buckler (worn)
 J - a +0 chain mail (worn)
 L - a scarf of repulsion (worn)
Jewellery
 q - the ring "Esipugan" (left hand) {rCorr Int+4 Dex+3}
   (You found it on level 2 of the Dungeon)

   [ring of resist corrosion]

   Int:       It affects your intelligence (+4).
   Dex:       It affects your dexterity (+3).
   rCorr:     It protects you from acid and corrosion.
 z - an amulet of magic regeneration (around neck)
 G - a ring of fire
 P - a ring of willpower (right hand)
Wands
 y - a wand of iceblast (12)
Scrolls
 f - 2 scrolls of summoning {unknown}
 k - a scroll of acquirement {unknown}
 n - a scroll of torment {unknown}
 p - 3 scrolls of amnesia {unknown}
 r - a scroll of enchant armour {unknown}
 s - 2 scrolls of fog {unknown}
 u - a scroll of silence {unknown}
 x - a scroll of immolation {unknown}
 A - 2 scrolls of teleportation {unknown}
 C - a scroll of poison {unknown}
 E - a scroll of brand weapon {unknown}
 F - a scroll of blinking {unknown}
 K - a scroll of magic mapping {unknown}
 M - 2 scrolls of fear {unknown}
 N - a scroll of noise {unknown}
Potions
 d - 2 potions of might
 e - 2 potions of attraction
 h - 7 potions of curing
 i - 4 potions of lignification
 j - 3 potions of magic
 l - 2 potions of haste
 m - 3 potions of resistance
 o - a potion of degeneration {unknown}
 t - a potion of brilliance {unknown}
 v - a potion of heal wounds {unknown}
 w - 4 potions of mutation {unknown}
 H - a potion of berserk rage {unknown}
 O - a potion of flight {unknown}


   Skills:
 + Level 6.4 Fighting
 * Level 8.4 Short Blades
 - Level 2.4 Armour
 + Level 5.3 Stealth
 - Level 5.0 Shields
 + Level 2.3 Invocations


You had 8 spell levels left.
You didn't know any spells.
Your spell library contained the following spells:

 Spells                   Type           Power      Damage    Failure   Level
 Apportation              Tloc           0%         N/A       99%         1
 Sublimation of Blood     Necr           0%         N/A       100%        2
 Wereblood                Tmut           0%         N/A       100%        2
 Dazzling Flash           Conj/Hex       0%         N/A       100%        3
 Iskenderun's Mystic Bla  Conj/Tloc      0%         2d3       100%        4
 Alistair's Intoxication  Tmut/Pois      0%         N/A       100%        5
 Starburst                Conj/Fire      0%         6d3       100%        6
 Summon Hydra             Summ           0%         N/A       100%        7


Dungeon Overview and Level Annotations

Branches:
Dungeon (7/15)             Temple (1/1) D:6

Altars:
Ashenzari
Cheibriados
Dithmenos
Fedhas
Gozag
Hepliaklqana
Kikubaaqudgha
Makhleb
Nemelex Xobeh
Okawaru
Qazlal
Ru
Sif Muna
Trog
Uskayaw
Vehumet
Wu Jian
Xom
Yredelemnul
Zin
The Shining One

Annotations:
D:7 Joseph


Innate Abilities, Weirdness & Mutations

You have razor-sharp teeth.
Your natural rate of healing is unusually fast.
When hurt, damage is shared between your health and your magic reserves.
Your bite disrupts and absorbs the magic of your enemies.
Potions cannot restore your health.


Message History

The orc priest is almost dead.
You block the orc priest's attack. The orc hits you with a +0 club.
You hit the orc priest.
You kill the orc priest!
You block the orc's attack.
Uskayaw will force your foes to helplessly watch your dance.
Uskayaw prepares the audience for your solo!
The helpless orc fails to defend itself.
You spit the orc like a pig!!!
You kill the orc!
Joseph, a Mercenary comes into view.
He is wielding a +0 quarterstaff.
Joseph shouts!
Joseph drinks a potion.
Joseph seems to grow stronger.
The acid dragon spits acid at you. The splash of acid hits you! You resist.
Things that are here:
a +0 club; a +1 dagger of holy wrath; an orc corpse The acid dragon attacks as you move away!
The acid dragon bites you but does no damage.
The acid dragon claws you but does no damage.
The orc wizard is no longer paralysed.
The orc wizard points at you and mumbles some strange words.
The magic dart hits you but does no damage.
You barely miss the acid dragon. You bite the acid dragon!
You kill the acid dragon!
You hit the orc wizard. You bite the orc wizard!
The orc wizard's magic leaks into the air.
You drain its magic.
You feel invigorated.
The orc wizard is severely wounded.
The orc wizard falters for a moment.
You closely miss the orc wizard. You bite the orc wizard.
You kill the orc wizard!
Uskayaw will force your foes to share their pain.
Okay, then.
Unknown command.
Joseph hits you with a +0 quarterstaff!
Items here: ))) [ ††.
You hit Joseph but do no damage.
Joseph is poisoned.
Your bite misses Joseph.
Joseph hits you with a +0 quarterstaff!!
You die...

#.### #######
#...## # ###..#
##.## #..# ###
##.# #.. #.###
#.. #..)#
#####..
..<#####@######
.......
........@.^.....
#####..
........#.######
#.. ...####.....
#.. . #####...
#.. .#.. ### . .
##### ## .....#
#....###


You could see Joseph (strong, very poisoned).

Vanquished Creatures
  Eustachio (D:5)
  An acid dragon (D:7)
  2 water moccasins
  2 black bears (D:6)
  An ogre (D:5)
  4 phantoms
  A kobold brigand (D:6)
  A necrophage (D:6)
  5 scorpions
  5 wights (D:6)
  A howler monkey (D:6)
  2 jellies
  7 orc priests
  A gnoll bouda (D:4)
  4 hounds
  2 iguanas
  5 orc wizards
  8 adders
  19 gnolls
  A white imp (D:6)
  2 worms
  2 dart slugs
  24 orcs
  11 ball pythons
  6 bats
  5 endoplasms
  A giant cockroach (D:2)
  8 goblins
  8 hobgoblins
  5 jackals
  5 quokkas
  6 frilled lizards
  15 kobolds
  6 rats
177 creatures vanquished.

Notes
Turn   | Place    | Note
-------+----------+-------------------------------------------
     0 | D:1      | Bnni the Vine Stalker Fighter began the quest for the Orb.
     0 | D:1      | Reached XP level 1. HP: 11/11 MP: 2/2
    30 | D:1      | Found a faded altar of an unknown god.
    58 | D:1      | Reached skill level 2 in Short Blades
   105 | D:1      | Reached XP level 2. HP: 16/16 MP: 3/3
   802 | D:2      | Reached XP level 3. HP: 14/20 MP: 1/4
   890 | D:2      | Reached skill level 3 in Short Blades
   890 | D:2      | Gained mutation: Your natural rate of healing is unusually
                  | fast. [Vine Stalker growth]
   890 | D:2      | Reached XP level 4. HP: 24/24 MP: 5/5
   893 | D:2      | Identified the ring "Esipugan" {rCorr Int+4 Dex+3}
  1630 | D:3      | Reached XP level 5. HP: 28/28 MP: 6/6
  2441 | D:4      | Reached skill level 4 in Short Blades
  2473 | D:4      | Identified the +2 quarterstaff "Hiduolyg" {vorpal, rElec
                  | rF+ Int+2}
  2490 | D:4      | Reached XP level 6. HP: 31/33 MP: 7/7
  2692 | D:4      | Reached XP level 7. HP: 24/37 MP: 8/8
  2700 | D:4      | Reached skill level 5 in Short Blades
  3201 | D:5      | Entered Level 5 of the Dungeon
  3201 | D:5      | Noticed Eustachio
  3228 | D:5      | Killed Eustachio
  3319 | D:5      | Gained mutation: You have razor-sharp teeth. [Vine Stalker
                  | growth]
  3319 | D:5      | Reached XP level 8. HP: 27/42 MP: 5/9
  3378 | D:5      | Found a shimmering blue altar of Sif Muna.
  3482 | D:5      | Reached skill level 6 in Short Blades
  3553 | D:5      | Reached skill level 5 in Fighting
  3553 | D:5      | Reached skill level 5 in Shields
  3930 | D:6      | Reached skill level 1 in Stealth
  4067 | D:6      | Reached skill level 7 in Short Blades
  4172 | D:6      | Found a staircase to the Ecumenical Temple.
  4181 | Temple   | Entered the Ecumenical Temple
  4255 | Temple   | Became a worshipper of Uskayaw the Reveller
  4358 | D:6      | Reached * piety under Uskayaw
  4362 | D:6      | Reached ** piety under Uskayaw
  4393 | D:6      | Reached XP level 9. HP: 48/48 MP: 10/10
  4394 | D:6      | Reached *** piety under Uskayaw
  4456 | D:6      | Found a basalt altar of Yredelemnul.
  4532 | D:6      | Reached skill level 1 in Invocations
  4596 | D:6      | Reached skill level 8 in Short Blades
  4853 | D:7      | Reached **** piety under Uskayaw
  4946 | D:7      | Reached skill level 5 in Stealth
  5075 | D:7      | Noticed Joseph
  5081 | D:7      | Slain by Joseph

Illustrated notes

Levels and vault maps discovered:
D:1:      minmay_arrival_jagged, layout_loops_cross,
          hellmonk_ecumenical_altar_run_dry
D:2:      layout_loops_cross
D:3:      layout_basic, grunt_ministairs_13, minmay_fractal_squares_5
D:4:      layout_basic
D:5:      layout_basic, lemuel_tele_altar, uniq_eustachio
D:6:      layout_rooms, overflow_temple_1_default, lemuel_temple_firewalk_b,
          kennysheep_generic_room_12
D:7:      layout_rooms, uniq_joseph
Temple:   nicolae_temple_bog_church

Skill      XL: |  1  2  3  4  5  6  7  8  9 |
---------------+----------------------------+-----
Short Blades   | 2 3 4 5 7 8 |  8.4
Fighting       | 3 4 5 6 |  6.4
Shields        | 3 4 5 |  5.0
Stealth        | 3 5 |  5.3
Invocations    | 2 |  2.3
Armour         | |  2.4

Action                   |  1- 3 |  4- 6 |  7- 9 || total
-------------------------+-------+-------+-------++-------
Melee: Rapier            |    15 |       |       ||    15
       Bite              |    11 |    52 |   116 ||   179
       Short sword       |    33 |   211 |   310 ||   554
Throw: Dart              |       |       |     2 ||     2
Invok: Line Pass         |       |       |     2 ||     2
  Use: Scroll            |       |       |     6 ||     6
 Stab: Paralysed         |       |       |     4 ||     4
Armor: Scale mail        |    16 |    49 |     8 ||    73
       Chain mail        |       |       |    91 ||    91
Dodge: Dodged            |    12 |    71 |    62 ||   145
       Repelled          |       |       |     2 ||     2
Block: Buckler           |     7 |    49 |    56 ||   112

Table legend: (Time is in decaauts)
 A = Elapsed time spent in this place.
 B = Non-inter-level travel time spent in this place.
 C = Inter-level travel time spent in this place.
 D = Time resting spent in this place.
 E = Time spent auto-exploring this place.
 F = Levels seen in this place.
 G = Mean time per level.
                   A        B        C        D        E       F      G
               +--------+--------+--------+--------+--------+-----+--------+
         Total |   4954 |   4761 |    193 |     13 |   3673 |   8 |  619.2 |
       Dungeon |   4853 |   4682 |    171 |     13 |   3619 |   7 |  693.3 |
        Temple |    100 |     78 |     22 |      0 |     54 |   1 |  100.0 |
               +--------+--------+--------+--------+--------+-----+--------+

Top non-repeatable levels by time:
     D:3: 939 daAuts
     D:1: 796 daAuts
     D:4: 780 daAuts
     D:6: 715 daAuts
     D:5: 709 daAuts
     D:2: 647 daAuts
     D:7: 266 daAuts
  Temple: 100 daAuts
